 Dungeon Crawl Stone Soup version 0.24-a0-417-g1cce26a4d2 (webtiles) character file.

Game seed: 3146093792987661026

49 crastion the Grave Robber (level 3, 0/19 HPs)
             Began as a Deep Elf Necromancer on June 11, 2019.
             Slain by a kobold (1 damage)
             ... on level 3 of the Dungeon.
             The game lasted 00:10:25 (1951 turns).

crastion the Grave Robber (Deep Elf Necromancer)    Turns: 1951, Time: 00:10:26

Health: 0/19       AC:  2    Str:  5    XL:     3   Next: 53%
Magic:  6/10       EV: 13    Int: 20    God:
Gold:   63         SH:  0    Dex: 19    Spells: 5/10 levels left

rFire    . . .     SeeInvis .   (no weapon)
rCold    . . .     Gourm    .   (no shield)
rNeg     . . .     Faith    .   a - +0 robe
rPois    .         Spirit   .   (no helmet)
rElec    .         Reflect  .   (no cloak)
rCorr    .         Harm     .   (no gloves)
MR       .....                  (no boots)
Stlth    ++........             (no amulet)
HPRegen  0.06/turn              b - +4 ring of dexterity
MPRegen  0.12/turn              (no ring)

@: no status effects
A: no striking features
a: no special abilities


You were on level 3 of the Dungeon.
You were not hungry.

You visited 1 branch of the dungeon, and saw 3 of its levels.

You collected 63 gold pieces.

Inventory:

Armour
 a - a +0 robe (worn)
 c - a +0 robe
 g - a +0 robe
Jewellery
 b - a +4 ring of dexterity (left hand)
Scrolls
 d - a scroll of random uselessness {unknown}
 h - a scroll of remove curse {unknown}
 j - a scroll of identify {unknown}
 m - a scroll of teleportation {unknown}
Potions
 e - 2 potions of curing {unknown}
 f - a potion of brilliance {unknown}
 i - a potion of agility {unknown}
 k - 2 potions of haste {unknown}
Comestibles
 l - 6 chunks of flesh


   Skills:
 + Level 2.6 Dodging
 + Level 2.6 Stealth
 + Level 4.2 Spellcasting
 + Level 5.5 Necromancy


You had 5 spell levels left.
You knew the following spells:

 Your Spells              Type           Power        Failure   Level  Hunger
a - Pain                  Necr           ####         1%          1    None
b - Animate Skeleton      Necr           N/A          1%          1    None
c - Vampiric Draining     Necr           ####......   3%          3    ###....

Your spell library contained the following spells:

 Spells                   Type           Power        Failure   Level  Hunger
 Regeneration             Chrm/Necr      ###.......   12%         3    ###....
 Animate Dead             Necr           N/A          13%         4    ####...


Dungeon Overview and Level Annotations

Branches:
Dungeon (3/15)

Altars:


Message History

Press: ? - help, Shift-Dir - straight line, f/p - worm
Aim: a worm (severely wounded, chance to defeat MR: 89%)
The worm writhes in agony!
You kill the worm!
Found 17 stones.
Casting: Pain (safe; 1% risk of failure)
Confirm with . or Enter, or press ? or * to list all spells.
Aiming: Pain (safe; 1% risk of failure)
Press: ? - help, Shift-Dir - straight line, f - hobgoblin
Aim: a hobgoblin, wielding a +0 club (chance to defeat MR: 93%)
The hobgoblin barely resists.
The hobgoblin closely misses you.
Unknown command.
There is a stone staircase leading down here.
The kobold hits you.
* * * LOW HITPOINT WARNING * * *
The hobgoblin misses you.
You climb downwards.
There is a stone staircase leading up here.
You closely miss the kobold. The kobold hits you.
You die...

###
...
#..
#.#
#.#
#K#
#@#
#g#
#.#
#.#
#.#
...
#.#
#.#


You could see a hobgoblin and a kobold.

Vanquished Creatures
  A worm (D:2)
  2 dart slugs
  2 ball pythons (D:1)
  3 bats (D:1)
  4 giant cockroaches (D:1)
  7 goblins
  6 hobgoblins
  2 jackals (D:1)
  2 frilled lizards (D:1)
  5 kobolds (D:1)
  4 rats
38 creatures vanquished.

Notes
Turn   | Place    | Note
-------+----------+-------------------------------------------
     0 | D:1      | crastion the Deep Elf Necromancer began the quest for the
                  | Orb.
     0 | D:1      | Reached XP level 1. HP: 10/10 MP: 6/6
    85 | D:1      | Reached skill level 5 in Necromancy
   236 | D:1      | Learned a level 1 spell: Animate Skeleton
   536 | D:1      | Reached XP level 2. HP: 13/15 MP: 5/8
  1336 | D:1      | Reached XP level 3. HP: 14/19 MP: 7/10
  1468 | D:1      | Learned a level 3 spell: Vampiric Draining
  1951 | D:3      | Slain by a kobold

Levels and vault maps discovered:
D:1:      giann_wishing_wells, layout_loops_corners
D:2:      layout_rooms, lemuel_coloured_pillars_altar, grunt_ministairs_2
D:3:      minmay_general_purpose_star, layout_loops_ring, tso_altar

Skill      XL: |  1  2  3 |
---------------+----------+-----
Necromancy     | 5 |  5.5
Spellcasting   | 4 |  4.2
Dodging        | |  2.6
Stealth        | |  2.6

Action                   || total
-------------------------++-------
Melee: Unarmed           ||     8
 Cast: Pain              ||    60
       Animate Skeleton  ||    12
       Vampiric Draining ||     1
  Eat: Chunk             ||     1
       Ration            ||     1
Armor: Robe              ||     7
Dodge: Dodged            ||    26

Table legend:
 A = Non-vault XP
 B = Vault XP
 C = Vault XP percentage of total XP
 D = Non-vault monster count
 E = Vault monster count
 F = Vault count percentage of total count
                 A         B        C        D         E       F
            +---------+---------+-------+---------+---------+-------
      Total |      66 |       5 |   7.0 |      37 |       1 |   2.6
            +---------+---------+-------+---------+---------+-------
        D:1 |      52 |       0 |   0.0 |      30 |       0 |   0.0
        D:2 |      14 |       5 |  26.3 |       7 |       1 |  12.5
            +---------+---------+-------+---------+---------+-------
